HSSL
OCEANSIDE HS PIRATES @ HUNTSVILLE HS WASPS
04/16/2030
 
TOP OF THE 1ST
Oceanside HS Pirates batting - Pitching for Huntsville HS Wasps : RHP Keith Flores
Pitching: RHP Keith Flores
Batting: RHB Charles Collins 0-0: Called Strike
0-1: Ball
1-1: Ball
2-1: Ball
3-1: Base on Balls
Batting: LHB Dylan Savill 0-0: Ball
1-0: Fly out, F5 (Popup, 5F)
Batting: RHB Tom Hanson 0-0: Called Strike
0-1: Ball
1-1: Grounds into double play, 4-6-3 (Groundball, 4)
Top of the 1st over - 0 runs, 0 hits, 0 errors, 0 left on base; Oceanside HS 0 - Huntsville HS 0
BOTTOM OF THE 1ST
Huntsville HS Wasps batting - Pitching for Oceanside HS Pirates : RHP John Belcher
Pitching: RHP John Belcher
Batting: RHB Fernando Sauceda 0-0: Ball
1-0: Foul Ball, location: 2F
1-1: Called Strike
1-2: Ball
2-2: Strikes out looking
Batting: RHB Chester Horn 0-0: Ball
1-0: Swinging Strike
1-1: Foul Ball, location: 2F
1-2: Ball
2-2: Ball
3-2: Strikes out swinging
Batting: RHB David Kemp 0-0: Ball
1-0: Fly out, F9 (Flyball, 89D)
Bottom of the 1st over - 0 runs, 0 hits, 0 errors, 0 left on base; Oceanside HS 0 - Huntsville HS 0
TOP OF THE 2ND
Oceanside HS Pirates batting - Pitching for Huntsville HS Wasps : RHP Keith Flores
Batting: RHB Vincent Lowe 0-0: Ball
1-0: Reached on error, E6 (Groundball, 6M)
Batting: RHB Shawn Mendoza 0-0: Fielders Choice at 2nd, 6-4 (Groundball, 56)
Batting: LHB Winston Smith 0-0: Called Strike
0-1: Ball
1-1: Swinging Strike
1-2: Strikes out looking
Batting: RHB Sergio Arboledo 0-0: Swinging Strike
0-1: Foul Ball, location: 2F
0-2: Ball
1-2: Foul Ball, location: 2F
1-2: Ball
Passed Ball!
Shawn Mendoza to second
2-2: Strikes out swinging
Top of the 2nd over - 0 runs, 0 hits, 1 error, 1 left on base; Oceanside HS 0 - Huntsville HS 0
BOTTOM OF THE 2ND
Huntsville HS Wasps batting - Pitching for Oceanside HS Pirates : RHP John Belcher
Batting: RHB Dave Stroud 0-0: Called Strike
0-1: Swinging Strike
0-2: Ball
1-2: Strikes out swinging
Batting: RHB Charlie Harris 0-0: Ball
1-0: Ball
2-0: DOUBLE (Line Drive, 78D)
Batting: RHB Jeff Duncan 0-0: Swinging Strike
0-1: Ball
1-1: Swinging Strike
1-2: Strikes out swinging
Batting: RHB Travis McKenzie 0-0: Called Strike
0-1: Ball
1-1: Ball
2-1: Foul Ball, location: 2F
2-2: SINGLE (Flyball, 3D)
Charlie Harris to third
Runner from 3rd tries for Home, SAFE, no throw
Batting: RHB Brandon Roe 0-0: Called Strike
0-1: Foul Ball, location: 2F
0-2: Ball
1-2: Fly out, F3 (Popup, 3S)
Bottom of the 2nd over - 1 run, 2 hits, 0 errors, 1 left on base; Oceanside HS 0 - Huntsville HS 1
TOP OF THE 3RD
Oceanside HS Pirates batting - Pitching for Huntsville HS Wasps : RHP Keith Flores
Batting: LHB Will Burke 0-0: Called Strike
0-1: Ball
1-1: Ball
2-1: SINGLE (Flyball, 7S)
Batting: RHB Ben Williams 0-0: Ball
1-0: Foul Ball, location: 2F
1-1: SINGLE (Groundball, 5D)
Will Burke to second
Batting: RHB Charles Collins 0-0: Ball
1-0: Called Strike
1-1: Reached on error, E3 (Groundball, 23)
Will Burke scores
Ben Williams to third
Batting: LHB Dylan Savill 0-0: Called Strike
0-1: Ball
1-1: Ball
2-1: Ball
3-1: Base on Balls
Batting: RHB Tom Hanson 0-0: Ball
1-0: Ball
2-0: Swinging Strike
2-1: Grounds into double play, 3-6-3 (Groundball, 34)
Ben Williams scores
Charles Collins to third
Batting: RHB Vincent Lowe 0-0: Ball
1-0: Foul Ball, location: 2F
1-1: Swinging Strike
1-2: Strikes out looking
Top of the 3rd over - 2 runs, 2 hits, 1 error, 1 left on base; Oceanside HS 2 - Huntsville HS 1
BOTTOM OF THE 3RD
Huntsville HS Wasps batting - Pitching for Oceanside HS Pirates : RHP John Belcher
Batting: SHB Al Swanson 0-0: Called Strike
0-1: Ball
1-1: Swinging Strike
1-2: Ball
2-2: Strikes out swinging
Batting: RHB Fernando Sauceda 0-0: Ball
1-0: Called Strike
1-1: Foul Ball, location: 2F
1-2: Ball
2-2: Ball
3-2: SINGLE (Line Drive, 34)
Batting: RHB Chester Horn 0-0: Called Strike
0-1: Ball
1-1: Foul Ball, location: 2F
1-2: Ball
2-2: Ball
3-2: Fly out, F8 (Flyball, 8RS)
Batting: RHB David Kemp 0-0: Called Strike
Fernando Sauceda steals 2nd base
0-1: Ball
1-1: Fly out, F9 (Flyball, 9S)
Bottom of the 3rd over - 0 runs, 1 hit, 0 errors, 1 left on base; Oceanside HS 2 - Huntsville HS 1
TOP OF THE 4TH
Oceanside HS Pirates batting - Pitching for Huntsville HS Wasps : RHP Keith Flores
Batting: RHB Shawn Mendoza 0-0: Called Strike
0-1: Ball
1-1: Ball
2-1: Foul Ball, location: 2F
2-2: Strikes out swinging
Batting: LHB Winston Smith 0-0: SINGLE (Groundball, 6MD)
Batting: RHB Sergio Arboledo 0-0: Called Strike
0-1: Ball
1-1: Ball
2-1: TRIPLE (Flyball, 7D)
Winston Smith scores
Batting: LHB Will Burke 0-0: Called Strike
0-1: Called Strike
0-2: Ball
1-2: Strikes out looking
Batting: RHB Ben Williams 0-0: Ground out U3 (Groundball, 34S)
Top of the 4th over - 1 run, 2 hits, 0 errors, 1 left on base; Oceanside HS 3 - Huntsville HS 1
BOTTOM OF THE 4TH
Huntsville HS Wasps batting - Pitching for Oceanside HS Pirates : RHP John Belcher
Batting: RHB Dave Stroud 0-0: Foul Ball, location: 2F
0-1: Ball
1-1: DOUBLE (Line Drive, 78D)
Batting: RHB Charlie Harris 0-0: Ball
1-0: Foul Ball, location: 2F
1-1: Foul Ball, location: 2F
1-2: Foul Ball, location: 2F
1-2: Ball
2-2: Ball
3-2: SINGLE (Groundball, 56D)
Dave Stroud to third
Runner from 3rd tries for Home, SAFE, no throw
Batting: RHB Jeff Duncan 0-0: Ball
1-0: Ball
2-0: Swinging Strike
2-1: Swinging Strike
2-2: Foul Ball, location: 2F
2-2: Strikes out looking
Batting: RHB Travis McKenzie 0-0: Called Strike
0-1: Ground out 5-3 (Groundball, 56S)
Charlie Harris to second
Batting: RHB Brandon Roe 0-0: Ball
1-0: Swinging Strike
1-1: Foul Ball, location: 2F
1-2: Ball
2-2: Strikes out swinging
Bottom of the 4th over - 1 run, 2 hits, 0 errors, 1 left on base; Oceanside HS 3 - Huntsville HS 2
TOP OF THE 5TH
Oceanside HS Pirates batting - Pitching for Huntsville HS Wasps : RHP Keith Flores
Batting: RHB Charles Collins 0-0: Ball
1-0: Called Strike
1-1: SOLO HOME RUN (Line Drive, 7LD), Distance : 353 ft
Batting: LHB Dylan Savill 0-0: Ball
1-0: Swinging Strike
1-1: Ball
2-1: SINGLE (Groundball, 34D)
Batting: RHB Tom Hanson 0-0: Foul Ball, location: 2F
0-1: Ball
1-1: Ball
2-1: Ball
3-1: Called Strike
3-2: Base on Balls
Dylan Savill to second
Batting: RHB Vincent Lowe 0-0: Ball
1-0: Swinging Strike
1-1: Foul Ball, location: 2F
1-2: Foul Ball, location: 2F
1-2: Foul Ball, location: 2F
1-2: Strikes out swinging
Pitching: RHP Leslie Meeks
Batting: RHB Shawn Mendoza 0-0: Called Strike
0-1: Ball
1-1: Ball
2-1: Ball
3-1: Base on Balls
Dylan Savill to third
Tom Hanson to second
Batting: LHB Winston Smith 0-0: Called Strike
0-1: Ball
1-1: Foul Ball, location: 2F
1-2: Strikes out swinging
Pitching: LHP Isaac Jolly
Batting: RHB Sergio Arboledo 0-0: Ground out 4-3 (Groundball, 4S)
Top of the 5th over - 1 run, 2 hits, 0 errors, 3 left on base; Oceanside HS 4 - Huntsville HS 2
BOTTOM OF THE 5TH
Huntsville HS Wasps batting - Pitching for Oceanside HS Pirates : RHP John Belcher
Batting: SHB Al Swanson 0-0: Called Strike
0-1: Swinging Strike
0-2: Foul Ball, location: 2F
0-2: Strikes out looking
Pitching: RHP Abraham Hayes
Batting: RHB Fernando Sauceda 0-0: Ball
1-0: Bunted foul
1-1: Ground out 6-3 (Groundball, 6MS)
Batting: RHB Chester Horn 0-0: Ball
1-0: Ball
2-0: Foul Ball, location: 2F
2-1: Ball
3-1: Base on Balls
Batting: RHB David Kemp 0-0: Foul Ball, location: 2F
0-1: Ball
1-1: Ball
2-1: Ball
3-1: DOUBLE (Line Drive, 7LD)
Chester Horn to third
Runner from 3rd tries for Home, SAFE, no throw
Batting: RHB Dave Stroud 0-0: Called Strike
0-1: Called Strike
0-2: Ball
1-2: Ball
2-2: Foul Ball, location: 2F
2-2: Ball
3-2: Base on Balls
Batting: RHB Charlie Harris 0-0: Ball
1-0: Ground out 4-3 (Groundball, 4)
Bottom of the 5th over - 1 run, 1 hit, 0 errors, 2 left on base; Oceanside HS 4 - Huntsville HS 3
TOP OF THE 6TH
Oceanside HS Pirates batting - Pitching for Huntsville HS Wasps : LHP Isaac Jolly
Batting: LHB Will Burke 0-0: Called Strike
0-1: Ball
1-1: DOUBLE (Line Drive, 5D)
Batting: RHB Ben Williams 0-0: Called Strike
0-1: Swinging Strike
0-2: Ground out U3 (Groundball, 3L)
Will Burke to third
Batting: RHB Charles Collins 0-0: Intentional Walk
Batting: LHB Dylan Savill 0-0: Ball
1-0: Ball
2-0: Ball
3-0: Base on Balls
Charles Collins to second
Batting: RHB Tom Hanson 0-0: SINGLE (Groundball, 6MD)
Will Burke scores
Charles Collins to third
Dylan Savill to second
Runner from 3rd tries for Home, SAFE, no throw
Pitching: RHP Clarence Miller
Batting: RHB Vincent Lowe 0-0: Called Strike
0-1: Called Strike
0-2: Fly out, F9 (Flyball, 89M)
Batting: RHB Shawn Mendoza 0-0: Ball
1-0: Called Strike
1-1: Foul Ball, location: 2F
1-2: SINGLE (Groundball, 6MD)
Dylan Savill to third
Tom Hanson to second
Runner from 3rd tries for Home, SAFE, no throw
Batting: LHB Winston Smith 0-0: Called Strike
0-1: Ball
1-1: Foul Ball, location: 2F
1-2: Strikes out swinging
Top of the 6th over - 3 runs, 3 hits, 0 errors, 2 left on base; Oceanside HS 7 - Huntsville HS 3
BOTTOM OF THE 6TH
Huntsville HS Wasps batting - Pitching for Oceanside HS Pirates : RHP Abraham Hayes
Batting: RHB Jeff Duncan 0-0: Ball
1-0: Ball
2-0: Ball
3-0: Called Strike
3-1: Base on Balls
Batting: RHB Travis McKenzie 0-0: Ball
Passed Ball!
Jeff Duncan to second
1-0: Fly out, F6 (Line Drive, 6)
Lined into DP, 6-4 (Line Drive, 6)
Batting: RHB Brandon Roe 0-0: Foul Ball, location: 2F
0-1: Foul Ball, location: 2F
0-2: Foul Ball, location: 2F
0-2: Ball
1-2: Ball
2-2: Ball
3-2: Ground out 4-3 (Groundball, 34D)
Bottom of the 6th over - 0 runs, 0 hits, 0 errors, 0 left on base; Oceanside HS 7 - Huntsville HS 3
TOP OF THE 7TH
Oceanside HS Pirates batting - Pitching for Huntsville HS Wasps : RHP Clarence Miller
Batting: RHB Sergio Arboledo 0-0: Ball
1-0: Foul Ball, location: 2F
1-1: Called Strike
1-2: Ball
2-2: Foul Ball, location: 2F
2-2: Foul Ball, location: 2F
2-2: Ball
3-2: Fly out, F9 (Flyball, 9LM)
Batting: LHB Will Burke 0-0: Ground out 1-3 (Groundball, 13)
Batting: RHB Ben Williams 0-0: Foul Ball, location: 2F
0-1: SINGLE (Line Drive, 4MD)
Batting: RHB Charles Collins 0-0: Ball
1-0: Called Strike
1-1: Ball
2-1: Foul Ball, location: 2F
2-2: SINGLE (Groundball, 56D)
Ben Williams to second
Batting: LHB Dylan Savill 0-0: SINGLE (Line Drive, 78M)
Ben Williams to third
Charles Collins to second
Runner from 3rd tries for Home, throw and OUT!
Top of the 7th over - 0 runs, 3 hits, 0 errors, 2 left on base; Oceanside HS 7 - Huntsville HS 3
BOTTOM OF THE 7TH
Huntsville HS Wasps batting - Pitching for Oceanside HS Pirates : RHP Abraham Hayes
Batting: SHB Al Swanson 0-0: Called Strike
0-1: Ball
1-1: Ground out U3 (Groundball, 34S)
Batting: RHB Fernando Sauceda 0-0: Swinging Strike
0-1: Ball
1-1: Foul Ball, location: 2F
1-2: Ball
2-2: Ball
3-2: Fly out, F7 (Line Drive, 7)
Batting: RHB Chester Horn 0-0: Ball
1-0: Foul Ball, location: 2F
1-1: Ball
2-1: Foul Ball, location: 2F
2-2: SINGLE (Groundball, 34) (infield hit)
Batting: RHB David Kemp 0-0: Swinging Strike
0-1: Ball
1-1: Ball
2-1: Foul Ball, location: 2F
2-2: Foul Ball, location: 2F
2-2: DOUBLE (Flyball, 89D)
Chester Horn to third
Pitching: LHP Alejandro García
Batting: RHB Dave Stroud 0-0: Ball
1-0: Ball
2-0: Ball
3-0: Called Strike
3-1: Base on Balls
Batting: RHB Charlie Harris 0-0: Foul Ball, location: 2F
0-1: Swinging Strike
0-2: Foul Ball, location: 2F
0-2: Ball
1-2: Ground out 5-3 (Groundball, 56S)
Bottom of the 7th over - 0 runs, 2 hits, 0 errors, 3 left on base; Oceanside HS 7 - Huntsville HS 3
TOP OF THE 8TH
Oceanside HS Pirates batting - Pitching for Huntsville HS Wasps : RHP Clarence Miller
Batting: RHB Tom Hanson 0-0: Ground out 1-3 (Groundball, 13S)
Batting: RHB Vincent Lowe 0-0: Foul Ball, location: 2F
0-1: Swinging Strike
0-2: Ball
1-2: Foul Ball, location: 2F
1-2: Foul Ball, location: 2F
1-2: Foul Ball, location: 2F
1-2: Ball
2-2: Fly out, F7 (Flyball, 7LS)
Pitching: RHP Sergio Sáenz
Batting: RHB Shawn Mendoza 0-0: Called Strike
0-1: Hit by Pitch
Batting: LHB Winston Smith 0-0: Called Strike
0-1: Ball
1-1: Called Strike
1-2: Ball
2-2: Strikes out swinging
Top of the 8th over - 0 runs, 0 hits, 0 errors, 1 left on base; Oceanside HS 7 - Huntsville HS 3
BOTTOM OF THE 8TH
Huntsville HS Wasps batting - Pitching for Oceanside HS Pirates : LHP Alejandro García
Batting: RHB Jeff Duncan 0-0: Swinging Strike
0-1: Ball
1-1: Called Strike
1-2: DOUBLE (Flyball, 78XD)
Batting: RHB Travis McKenzie 0-0: Foul Ball, location: 2F
0-1: Swinging Strike
0-2: Strikes out swinging
Batting: RHB Brandon Roe 0-0: Ball
1-0: Foul Ball, location: 2F
1-1: Ball
2-1: Foul Ball, location: 2F
2-2: Ground out 6-3 (Groundball, 6)
Batting: SHB Al Swanson 0-0: Swinging Strike
0-1: Swinging Strike
0-2: Strikes out swinging
Bottom of the 8th over - 0 runs, 1 hit, 0 errors, 1 left on base; Oceanside HS 7 - Huntsville HS 3
TOP OF THE 9TH
Oceanside HS Pirates batting - Pitching for Huntsville HS Wasps : RHP Sergio Sáenz
Batting: RHB Sergio Arboledo 0-0: Ball
1-0: Ball
2-0: Foul Ball, location: 2F
2-1: Swinging Strike
2-2: Strikes out looking
Batting: LHB Will Burke 0-0: Called Strike
0-1: Foul Ball, location: 2F
0-2: Ball
1-2: Ball
2-2: Ball
3-2: Strikes out looking
Batting: RHB Ben Williams 0-0: Ball
1-0: Foul Ball, location: 2F
1-1: Ball
2-1: Ground out 5-3 (Groundball, 5)
Top of the 9th over - 0 runs, 0 hits, 0 errors, 0 left on base; Oceanside HS 7 - Huntsville HS 3
BOTTOM OF THE 9TH
Huntsville HS Wasps batting - Pitching for Oceanside HS Pirates : LHP Alejandro García
Batting: RHB Fernando Sauceda 0-0: Fly out, F4 (Popup, 34S)
Batting: RHB Chester Horn 0-0: SINGLE (Flyball, 7S)
Batting: RHB David Kemp 0-0: Fly out, F2 (Popup, 23F)
Batting: RHB Dave Stroud 0-0: Ball
1-0: Called Strike
1-1: Ball
2-1: Swinging Strike
2-2: SINGLE (Groundball, 34S) (infield hit)
Chester Horn to second
Pitching: LHP Charles Walters
Batting: RHB Charlie Harris 0-0: Called Strike
0-1: Ball
1-1: Fielders Choice at 2nd, 6-4 (Groundball, 56)
Bottom of the 9th over - 0 runs, 2 hits, 0 errors, 2 left on base; Oceanside HS 7 - Huntsville HS 3
Saturday, April 7th, 2018 - OOTP Baseball 18.8 Build 76